 Dungeon Crawl Stone Soup version 0.31.0-9-g3a7656b989 (webtiles) character file.

Game seed: 15775212012061051302

9 Fralargala the Trooper (level 2, 0/19 HPs)
             Began as a Kobold Chaos Knight on Jan 29, 2024.
             Was a Plaything of Xom.
             Succumbed to a goblin's poison
             ... on level 3 of the Dungeon.
             The game lasted 00:01:02 (415 turns).

Fralargala the Trooper (Kobold Chaos Knight)         Turns: 415, Time: 00:01:03

Health: 0/19       AC:  5    Str:  9    XL:     2   Next: 20%
Magic:  2/2        EV: 14    Int: 13    God:    Xom [..*...]
Gold:   63         SH:  0    Dex: 14    Spells: 1/1 levels left

rFire   . .          .
                       - Unarmed
rCold   . . .        (no shield)
rNeg    . . .        a - +2 leather armour
rPois   .            (no helmet)
rElec   .            (no cloak)
rCorr   .            (no gloves)
SInv    .            (no boots)
Will    .....        (no amulet)
Stlth   ++++         (no ring)
HPRegen 0.23/turn    (no ring)
MPRegen 0.08/turn

%: no passive effects
@: lethally poisoned (0 -> -21), especially stealthy
A: small, no large weapons, nightstalker 3
a: Renounce Religion


You were on level 3 of the Dungeon.
You worshipped Xom.
You were a toy of Xom.
You visited 1 branch of the dungeon, and saw 3 of its levels.

You collected 63 gold pieces.

Inventory:

Armour
 a - a +2 leather armour (worn)
Scrolls
 b - a scroll of butterflies
 c - a scroll of blinking {unknown}
Potions
 d - 2 potions of haste {unknown}


   Skills:
 + Level 3.4 Fighting
 + Level 0.7 Armour
 + Level 2.4 Dodging
 + Level 3.4 Unarmed Combat


You had one spell level left.
You didn't know any spells.
Your spell library contained the following spells:

 Spells                   Type           Power      Damage    Failure   Level
 Foxfire                  Conj/Fire      0%         2x1d4     38%         1
 Necrotise                Necr           0%         1d4       38%         1
 Anguish                  Hex/Necr       0%         N/A       99%         4
 Plasma Beam              Fire/Air       0%         2x1d10    100%        6
 Starburst                Conj/Fire      0%         6d3       100%        6
 Infestation              Necr           0%         N/A       100%        8


Dungeon Overview and Level Annotations

Branches:
Dungeon (3/15)

Altars:


Innate Abilities, Weirdness & Mutations

You are small and have problems with some larger weapons.
You are completely attuned to the shadows.


Message History

No target in view!
No target in view!
There is an escape hatch in the floor here.
You slide downwards.
The hatch slams shut behind you.
Xom whispers: Shhh!
You feel stealthy.
A goblin comes into view. It is wielding a +2 dagger of venom.
A goblin is nearby!
A goblin is nearby!
A goblin is nearby!
A goblin is nearby!
The helpless goblin fails to defend itself.
You hit the goblin.
The goblin is heavily wounded.
You hit the goblin but do no damage.
The goblin is heavily wounded.
The goblin hits you with a +2 dagger of venom.
You are poisoned.
You hit the goblin but do no damage.
The goblin is heavily wounded.
You feel very sick.
The goblin hits you with a +2 dagger of venom.
You are lethally poisoned!
You miss the goblin.
The goblin is heavily wounded.
You feel very sick.
The goblin hits you with a +2 dagger of venom.
* * * LOW HITPOINT WARNING * * *
You are more poisoned.
You are too injured to fight recklessly!
You are too injured to fight recklessly!
You are too injured to fight recklessly!
You are too injured to fight recklessly!
You are too injured to fight recklessly!
You are too injured to fight recklessly!
You are too injured to fight recklessly!
You hit the goblin.
You kill the goblin!
You die...
Xom titters!

######
....)# #@#
#.#
#.#########
#.........#
#########.#
#.# #.# #.#
#.#


There were no monsters in sight!

Vanquished Creatures
  A giant cockroach (D:2)
  A goblin (D:3)
  3 hobgoblins
  A quokka (D:1)
  A ball python (D:2)
  A bat (D:2)
  A rat (D:2)
9 creatures vanquished.

Notes
Turn   | Place    | Note
-------+----------+-------------------------------------------
     0 | D:1      | Fralargala the Kobold Chaos Knight began the quest for the
                  | Orb.
     0 | D:1      | Reached XP level 1. HP: 14/14 MP: 1/1
   249 | D:2      | Reached XP level 2. HP: 16/19 MP: 2/2
   275 | D:2      | Got Kikubaaqudgha's Collected Works on Unhallowed Arts
   335 | D:2      | XOM: silly message
   367 | D:3      | XOM: stealth player
   415 | D:3      | Succumbed to a goblin's poison

Illustrated notes

Levels and vault maps discovered:
D:1:      psy_arrival_dodecagon, layout_rooms, serial_shops, shop
D:2:      layout_loops_ring, nicolae_ecumenical_oubliette, st_stairs_9,
          uniq_terence
D:3:      layout_loops_ring, bloody_trog

Action                     || total
---------------------------++-------
  Melee: Unarmed           ||    50
   Stab: Sleeping          ||     3
 Armour: Leather armour    ||    26
  Dodge: Dodged            ||    32
